 Dungeon Crawl Stone Soup version 0.31.0-12-g77e489cdc1 (webtiles) character file.

Game seed: 7908443719084505369

725 CrypticCrinoid the Chopper (level 7, -1/94 HPs)
             Began as a Minotaur Berserker on Feb 24, 2024.
             Was a Believer of Trog.
             Slain by a river rat (3 damage)
             ... summoned by Eustachio
             ... on level 4 of the Dungeon.
             The game lasted 00:05:30 (2384 turns).

CrypticCrinoid the Chopper (Minotaur Berserker)     Turns: 2384, Time: 00:05:31

Health: -1/94      AC: 10    Str: 24    XL:     7   Next: 43%
Magic:  6/6        EV:  9    Int:  4    God:    Trog [**....]
Gold:   19         SH:  0    Dex:  9    Spells: 6/6 levels left

rFire   . . .        a - +0 hand axe
rCold   . . .        (no shield)
rNeg    . . .        s - +0 chain mail
rPois   +            (helmet restricted)
rElec   .            q - +0 cloak
rCorr   .            (no gloves)
SInv    .            (no boots)
Will    .....        (no amulet) Stlth
                     r - ring of poison resistance
HPRegen 0.35/turn    (no ring)
MPRegen 0.10/turn

%: no passive effects
@: berserking, very quick
A: horns 2, retaliatory headbutt
a: Renounce Religion, Berserk, Trog's Hand


You were on level 4 of the Dungeon.
You worshipped Trog.
Trog was pleased with you.
You visited 1 branch of the dungeon, and saw 4 of its levels.

You collected 259 gold pieces.
You spent 240 gold pieces at shops.

Inventory:

Hand Weapons
 a - a +0 hand axe (weapon)
Armour
 q - a +0 cloak (worn)
 s - a +0 chain mail (worn)
Jewellery
 j - an amulet of magic regeneration
 r - a ring of poison resistance (left hand)
Scrolls
 d - a scroll of fog {unknown}
 f - a scroll of poison {unknown}
 g - a scroll of blinking {unknown}
 i - a scroll of noise {unknown}
 m - a scroll of enchant armour {unknown}
 p - a scroll of vulnerability {unknown}
Potions
 c - 3 potions of curing {unknown}
 e - 3 potions of heal wounds {unknown}
 h - a potion of attraction {unknown}
 k - a potion of lignification {unknown}
 l - a potion of degeneration {unknown}
 n - 2 potions of magic {unknown}
 o - a potion of might {unknown}


   Skills:
 * Level 6.2 Fighting
 * Level 7.6 Axes
 * Level 4.1 Armour
 * Level 4.1 Dodging
 - Level 0.1 Stealth


You had 6 spell levels left.
You didn't know any spells.
Your spell library was empty.

Dungeon Overview and Level Annotations

Branches:
Dungeon (4/15)
 Temple: D:4-7

Altars:
Fedhas
Sif Muna
The Shining One

Shops:
D:3 =

Annotations:
D:4 Eustachio


Innate Abilities, Weirdness & Mutations

You have a pair of horns on your head.
You reflexively headbutt those who attack you in melee.


Message History

You closely miss the river rat. Something hits you but does no damage.
The river rat barely misses you. The river rat bites you!
* * * LOW HITPOINT WARNING * * *
Unknown command.
You slash something!
You feel the power of Trog in you as your rage grows.
Trog accepts your kill.
Trog appreciates your killing of a magic user.
Reactivating autopickup.
You feel a bit more experienced.
You barely miss the river rat. You closely miss the river rat.
You slash the river rat!
You kill the river rat!
The river rat's corpse disappears in a puff of smoke!
The river rat bites you but does no damage.
The river rat bites you!
* * * LOW HITPOINT WARNING * * *
You hit the jackal. Your headbutt misses the jackal.
The jackal is heavily wounded.
You slash the river rat!
You kill the river rat!
The river rat's corpse disappears in a puff of smoke!
You barely miss the orc. You hit the river rat. You barely miss something.
A jackal comes into view.
The shadow imp sputters.
You closely miss the jackal.
The jackal barks!
You headbutt the jackal.
You kill the jackal!
Trog accepts your kill.
You barely miss the jackal. You hit the orc.
You hit the river rat but do no damage. You barely miss something.
You slash the jackal!
You kill the jackal!
Trog accepts your kill. The orc hits you but does no damage.
You hear some strange, mumbled words.
Deactivating autopickup; reactivate with Ctrl-A.
Something tries to affect you, but you resist.
The river rat bites you.
You die...

#..!........h.
##.............
...........r.h.
........)......
#........h.....
#.......55.....
#..#...5@#
#......§h######.
.......§@r......
.##.#..§o)......
#.............
#...........<.
#.............
...............
#..[...........
#..............


You could see Eustachio, an iron imp (summoned), a river rat (summoned), a
shadow imp (summoned), an ufetubus (summoned), an orc and 2 jackals.

Vanquished Creatures
  Pikel (D:4)
  An ogre (D:2)
  2 lemures (D:4)
  A hound (D:2)
  Terence (D:2)
  An orc wizard (D:4)
  2 adders (D:3)
  2 orcs (D:4)
  8 endoplasms
  A giant cockroach (D:3)
  7 goblins
  4 hobgoblins
  12 jackals
  3 kobolds
  2 quokkas
  6 ball pythons
  9 bats
  5 frilled lizards
  5 rats
73 creatures vanquished.

Notes
Turn   | Place    | Note
-------+----------+-------------------------------------------
     0 | D:1      | CrypticCrinoid the Minotaur Berserker began the quest for
                  | the Orb.
     0 | D:1      | Reached XP level 1. HP: 19/19 MP: 0/0
    81 | D:1      | Reached XP level 2. HP: 27/27 MP: 1/1
   137 | D:1      | Reached skill level 4 in Axes
  1015 | D:2      | Reached XP level 3. HP: 33/33 MP: 2/2
  1044 | D:2      | Found a shimmering blue altar of Sif Muna.
  1058 | D:2      | Reached ** piety under Trog
  1083 | D:2      | Noticed an ogre
  1091 | D:2      | Killed an ogre
  1092 | D:2      | Reached skill level 5 in Fighting
  1092 | D:2      | Reached skill level 5 in Axes
  1092 | D:2      | Reached XP level 4. HP: 20/42 MP: 3/3
  1092 | D:2      | Reached XP level 5. HP: 23/48 MP: 4/4
  1198 | D:2      | Noticed Terence
  1206 | D:2      | Killed Terence
  1790 | D:3      | Found a blossoming altar of Fedhas.
  1962 | D:3      | Found Keirymp's Jewellery Emporium.
  1969 | D:3      | Bought a ring of poison resistance for 240 gold pieces
  2004 | D:3      | Found a faded altar of an unknown god.
  2131 | D:3      | Found a glowing golden altar of the Shining One.
  2368 | D:4      | Noticed Eustachio
  2368 | D:4      | Noticed Pikel
  2368 | D:4      | Noticed a lemure
  2368 | D:4      | Noticed a lemure
  2368 | D:4      | Noticed a lemure
  2368 | D:4      | Noticed a lemure
  2375 | D:4      | Killed a lemure
  2379 | D:4      | Killed a lemure
  2379 | D:4      | Killed Pikel
  2380 | D:4      | Reached skill level 7 in Axes
  2380 | D:4      | Reached XP level 6. HP: 14/57 MP: 5/5
  2380 | D:4      | Reached XP level 7. HP: 15/63 MP: 6/6
  2382 | D:4      | HP: 2/94 [river rat[Eustachio] (7)]
  2384 | D:4      | Slain by a river rat

Illustrated notes

Levels and vault maps discovered:
D:1:      lightli_arrival_farm, layout_loops_ring, serial_bayou,
          serial_bayou_crossing, serial_bayou_lake_a, serial_bayou_shore_b,
          serial_bayou_pond_b, serial_bayou_pond_a
D:2:      layout_basic, basic_altar, palyth_stone_intersect,
          minmay_pentomino_pile, uniq_terence
D:3:      layout_loops_ring, old_standard_altar, amcnicky_altar_gilded,
          hellmonk_ecumenical_altar_heavens_door, serial_shops, shop,
          kennysheep_generic_room_10
D:4:      layout_rooms, uniq_eustachio, uniq_pikel

Skill      XL: |  1  2  3  4  5 |
---------------+----------------+-----
Axes           | 4 5 7 |  7.6
Fighting       | 4 5 6 |  6.2
Armour         | 3 4 |  4.1
Dodging        | 3 4 |  4.1
Stealth        | |  0.1

Action                     |  1- 3 |  4- 6 |  7- 9 || total
---------------------------+-------+-------+-------++-------
  Melee: Hand axe          |    55 |    68 |     5 ||   128
         Headbutt          |     8 |     5 |     1 ||    14
         Punch             |       |     2 |       ||     2
 Invoke: Berserk           |       |     2 |       ||     2
   Stab: Sleeping          |       |     1 |       ||     1
 Armour: Animal skin       |    33 |    16 |       ||    49
         Chain mail        |       |    27 |     6 ||    33
  Dodge: Dodged            |    41 |    56 |     1 ||    98
